Cogmind - Beta 13 @@@ ROGUE MODE // 2024.04.30 @ 21:14:08 Player: Exceptionally Mediocre Result: Destroyed by H-66 Slayer with Gauss Rifle Performance ------------- Evolutions (4) 2000 Regions Visited (11) 2200 Robots Destroyed (142) 710 Value Destroyed (5477) 5477 Prototype IDs (31) 620 Alien Tech Used (0) 0 Bonus (2184) 2184 TOTAL SCORE: 13191 Bonus ------- High Alert Combat Kills 941 Follower Combat Kills 278 Entered Garrisons 200 Used RIF Installer 500 Aligned with FarCom 300 Friendly Fire -35 Cogmind --------- Core Integrity 0/850 Matter 204/300 Energy 315/315 System Corruption 1% Temperature Cool (0) Movement Flying (115) Ox1 Location -6/Factory Parts ------- > --- POWER (2) -------- Improved Ion Engine Light Angular Momentum Engine > --- PROPULSION (5) --- Cesium-ion Thruster > --- UTILITY (6) ------ Gravity Neutralizer Advanced Signal Interpreter Advanced System Shield > --- WEAPON (2) ------- Axe (fused) > --- INVENTORY (5) ---- Light Fission Core Large Storage Unit Nanoactuators Improved Phase Shifter Force Lance Peak State ------------ > --- POWER ------------ Light Angular Momentum Engine > --- PROPULSION ------- Light Treads Light Treads Heavy Siege Treads > --- UTILITY ---------- Advanced Power Amplifier Huge Storage Unit Improved Melee Analysis Suite Advanced Actuator Array Reaction Control System Hardened Medium Armor Plating > --- WEAPON ----------- Dual-blade Saw Dual-blade Saw > --- INVENTORY -------- Improved Deuterium Engine Improved Deuterium Engine Enhanced Nuclear Core Light Treads Improved Cooling System Improved Cooling System Long-range Sensor Array Advanced Particle Charger Improved Phase Shifter Cloak of Protection Improved Light Armor Plating Shock Absorption System Phase Gun Plasma Cannon Plasma Cannon Plasma Cannon Matter Neutralizer Matter Neutralizer Flak Gun Assault Cannon Heavy Gauss Cannon Katana Axe Blade Saw Force Lance [Rating: 72] Favorites ----------- Power Light Ion Engine Engine Light Ion Engine Power Core Light Nuclear Core Propulsion Light Treads Treads Light Treads Wheel Armored Huge Wheel Hover Unit Gravmag System Flight Unit Cesium-ion Thruster Utility Huge Storage Unit Device Structural Scanner Storage Huge Storage Unit Processor Improved Salvage Targeting Computer Hackware Hacking Suite Protection Improved Light Armor Plating Weapon Assault Rifle Energy Gun Precision Beam Rifle Energy Cannon Matter Neutralizer Ballistic Gun Assault Rifle Ballistic Cannon Assault Cannon Slashing Weapon Axe Piercing Weapon Force Lance Build | -11 -10 -10 -10 -9 -8 -7 -7 -7 -6 -6 -6 ------- Run | Yrd Mat Min Exi Min Mat Fac Gar Fac Fac Was Fac Slots Evolved 8 | . . . . . 4 2 . . 2 . . Power 1 | . . . . . . . . . 1 . . Propulsion 3 | . . . . . 2 . . . 1 . . Utility 4 | . . . . . 2 2 . . . . . Weapon . | . . . . . . . . . . . . Parts Attached 180 | 7 2 10 . . 23 12 65 24 16 6 15 Power 20 | 1 . 2 . . 2 1 6 3 2 . 3 Engine 12 | 1 . 2 . . 2 1 1 1 2 . 2 Core 8 | . . . . . . . 5 2 . . 1 Reactor . | . . . . . . . . . . . . Propulsion 36 | 2 . . . . 8 2 9 4 9 1 1 Treads 27 | 2 . . . . 8 . 6 4 7 . . Leg . | . . . . . . . . . . . . Wheel 5 | . . . . . . 2 3 . . . . Hover 1 | . . . . . . . . . 1 . . Flight 3 | . . . . . . . . . 1 1 1 Utility 77 | 1 2 8 . . 5 8 24 12 4 3 10 Device 31 | . . 4 . . 1 1 6 7 3 2 7 Storage 5 | 1 1 1 . . . . . . . . 2 Processor 3 | . . . . . . . 1 1 . . 1 Hackware 3 | . . . . . . 1 1 . . 1 . Protection 35 | . 1 3 . . 4 6 16 4 1 . . Artifact . | . . . . . . . . . . . . Weapon 47 | 3 . . . . 8 1 26 5 1 2 1 Energy Gun 6 | . . . . . 3 . 3 . . . . Energy Cannon 2 | . . . . . . . 1 1 . . . Ballistic Gun 19 | 3 . . . . 3 1 12 . . . . Ballistic Cannon 4 | . . . . . 2 . 2 . . . . Launcher . | . . . . . . . . . . . . Special Weapon . | . . . . . . . . . . . . Impact Weapon . | . . . . . . . . . . . . Slashing Weapon 14 | . . . . . . . 8 4 1 1 . Piercing Weapon 2 | . . . . . . . . . . 1 1 Special Melee Weapon . | . . . . . . . . . . . . Unidentified Prototypes 6 | . . . . . 4 . . 1 . . 1 Corrupted Parts 1 | . . . . . . . . . . 1 . System Corruption 2 | . . . . . . . . . . 2 . Parts Lost 75 | . . 1 . . 9 5 34 11 14 . 1 Power 11 | . . 1 . . 2 . 5 1 2 . . Propulsion 20 | . . . . . 4 . 5 2 8 . 1 Utility 32 | . . . . . 3 4 17 6 2 . . Weapon 12 | . . . . . . 1 7 2 2 . . Highest Loss Streak 14 | . . 1 . . 3 2 7 5 14 . 1 To Critical Strikes . | . . . . . . . . . . . . Average Slot Usage (%) 90 | . 97 100 100 100 97 86 84 88 89 32 47 Engine 6 | . 14 14 14 14 8 7 . 1 4 . 4 Core 2 | . . . . . . . 5 5 5 . . Treads 20 | . 28 28 28 28 34 11 11 20 28 . . Wheel 3 | . . . . . . 9 8 . . . . Device 13 | . . 9 14 14 17 14 10 26 20 8 13 Storage 8 | . 14 14 14 14 9 7 7 7 5 . . Processor 1 | . . . . . . . 6 . . . 5 Hackware 1 | . . . . . . 3 3 . . 4 6 Protection 9 | . 10 4 . . 8 14 12 9 8 . . Energy Gun 2 | . . . . . 6 6 1 . . . . Energy Cannon 1 | . . . . . . . 1 4 . . . Ballistic Gun 10 | . 28 28 28 28 6 7 5 . . . . Ballistic Cannon 1 | . . . . . 4 . 1 . . . . Slashing Weapon 3 | . . . . . . . 4 10 12 6 6 Naked Turns 4 | . . . . . . . . . 4 . . Heaviest Build 121 | 12 52 90 88 88 104 117 118 121 118 11 20 Greatest Support 110 | 40 40 40 40 40 85 85 110 110 110 20 20 Greatest Overweight (x) 5 | . 1 2 2 2 2 3 5 1 1 . 2 Average Overweight (x) 1 | . . 1 2 2 1 1 2 . . . . Largest Inventory Capacity 25 | 8 20 25 25 25 25 25 25 25 25 5 15 Average Capacity 23 | 7 17 22 25 25 25 25 25 25 24 5 5 Most Carried 25 | 3 20 21 21 22 25 25 25 25 25 5 5 Average Carried 21 | 1 14 20 20 21 23 23 22 24 22 3 4 Final Capacity 25 | 8 20 25 25 25 25 25 25 25 5 5 5 Final Carried 25 | 3 20 20 21 22 24 24 25 25 5 3 5 Class Distribution -------------------- 56% | Mutant 42% | Scavenger-Mutant Dominant Class ---------------- Mutant | -10/Materials Mutant | -10/Mines Mutant | -10/Exiles Mutant | -9/Mines Mutant | -8/Materials Mutant | -7/Factory Scavenger-Mutant | -7/Garrison Scavenger-Mutant | -7/Factory Scavenger-Mutant | -6/Factory Scavenger-Mutant | -6/Waste Mutant | -6/Factory Resources | -11 -10 -10 -10 -9 -8 -7 -7 -7 -6 -6 -6 ----------- Run | Yrd Mat Min Exi Min Mat Fac Gar Fac Fac Was Fac Matter Collected 4176 | 336 266 271 . 10 545 459 1518 537 99 . 135 Remotely . | . . . . . . . . . . . . Salvage Created 5389 | 161 339 309 . . 852 914 1426 882 286 . 220 Parts 303 | 11 25 26 . . 55 49 77 30 19 . 11 Haulers Intercepted 6 | . 1 . . . 2 1 . . . . 2 Recyclers Shooed . | . . . . . . . . . . . . Parts Field Recycled . | . . . . . . . . . . . . Retrieved Matter . | . . . . . . . . . . . . Parts Self-Destructed . | . . . . . . . . . . . . Prevented . | . . . . . . . . . . . . Kills | -11 -10 -10 -10 -9 -8 -7 -7 -7 -6 -6 -6 ------- Run | Yrd Mat Min Exi Min Mat Fac Gar Fac Fac Was Fac Combat Hostiles Destroyed 106 | . 6 10 . . 18 15 37 14 5 . 1 Melee 16 | . . . . . . . 1 9 5 . 1 Guns 66 | . 6 10 . . 11 15 24 . . . . Cannons 21 | . . . . . 6 . 12 3 . . . AOE 1 | . . . . . . . . 1 . . . Classes Destroyed 16 | 3 5 . . . 3 1 2 2 . . . Worker 11 | 2 3 . . . 4 1 . . 1 . . Builder 9 | . 2 1 . . 3 1 . 1 . . 1 Tunneler 3 | 2 . 1 . . . . . . . . . Hauler 6 | . 1 . . . 2 1 . . . . 2 Recycler 3 | 1 . . . . . 1 . . 1 . . Mechanic 1 | . . . . . . . . 1 . . . Watcher 3 | . 1 . . . 2 . . . . . . Swarmer 31 | . 3 6 . . 6 3 9 . 4 . . Cutter 4 | . . . . . . . 4 . . . . Grunt 34 | . 3 4 . . 6 3 13 5 . . . Brawler 4 | . . . . . . . . 4 . . . Duelist 5 | . . . . . 1 . 3 1 . . . Sentry 16 | . . . . . 4 4 6 1 1 . . Specialist 1 | . . . . . . . 1 . . . . Hunter 4 | . . . . . 1 2 . 1 . . . Programmer 7 | . . . . . . 3 1 2 . . 1 Best Kill Streak 7 | 5 5 3 . . 5 4 6 7 3 . 2 Combat Bots Only 7 | . 5 3 . . 4 3 6 7 3 . 1 Max Kills in Single Turn 2 | 1 2 2 . . 2 1 1 1 1 . 1 Gunslinging 1 | . . 1 . . . . . . . . . Exploded 1 | . . . . . . . . 1 . . . Melee 1 | . . . . . . . 1 1 1 . 1 Uniques/NPCs Destroyed . | . . . . . . . . . . . . Combat | -11 -10 -10 -10 -9 -8 -7 -7 -7 -6 -6 -6 -------- Run | Yrd Mat Min Exi Min Mat Fac Gar Fac Fac Was Fac Hostile Shots Fired 1363 | . 44 44 . . 147 215 580 143 170 . 20 Missed 439 | . 15 8 . . 42 81 201 38 49 . 5 Damage Taken 13174 | . 255 388 . . 1498 1540 5031 2183 1973 . 306 Core 1739 | . 47 62 . . 101 153 450 70 673 . 183 Absorbed by Shields . | . . . . . . . . . . . . Reduced by Siege Mode 130 | . . . . . . . . 130 . . . Redirected to Shielding 329 | . . . . . . 294 35 . . . . Regen/Repaired (Parts) 93 | . . . . . . 93 . . . . . Core Remaining (%) 60 | 100 . . . 56 81 . . 3 . . . Volleys Fired 418 | 11 44 28 . . 78 75 150 32 . . . Largest 2 | 2 2 2 . . 2 2 2 1 . . . Hottest 108 | 40 40 40 . . 105 89 108 105 . . . Shots Fired 785 | 22 88 56 . . 156 150 279 34 . . . Gun 648 | 22 88 56 . . 114 150 218 . . . . Cannon 137 | . . . . . 42 . 61 34 . . . Launcher . | . . . . . . . . . . . . Special . | . . . . . . . . . . . . Kinetic 602 | 22 88 56 . . 102 83 251 . . . . Thermal 183 | . . . . . 54 67 28 34 . . . Explosive . | . . . . . . . . . . . . Electromagnetic . | . . . . . . . . . . . . Robot Hit Streak 22 | 3 8 11 . . 9 11 22 7 . . . Robot Miss Streak 9 | 3 7 2 . . 9 4 7 4 . . . Penetration Max 1 | . . . . . . 1 1 . . . . Secondary Targets 11 | . 1 2 . . 1 1 6 . . . . Max Gunslinging Chain 1 | . 1 1 . . 1 1 1 . . . . Shots Hit Robots 562 | 10 44 37 . . 86 105 178 72 19 . 11 Core Hits 271 | 6 17 16 . . 41 41 96 40 9 . 5 Critical Kills 3 | . . . . . . 1 1 1 . . . Critical Parts Destroyed 1 | . . 1 . . . . . . . . . Critical Strikes 45 | . . 1 . . 4 11 3 24 2 . . Burn 13 | . . . . . 3 10 . . . . . Meltdown 1 | . . . . . . . . 1 . . . Destroy 3 | . . 1 . . . 1 1 . . . . Blast 2 | . . . . . 1 . 1 . . . . Sever 26 | . . . . . . . 1 23 2 . . Melee Attacks 148 | . . . . . . . 48 59 24 . 17 Impact . | . . . . . . . . . . . . Slashing 141 | . . . . . . . 48 59 24 . 10 Piercing 7 | . . . . . . . . . . . 7 Sneak Attacks 7 | . . . . . . . . . 3 . 4 Combat Hostiles . | . . . . . . . . . . . . Follow-up Attacks 19 | . . . . . . . . 15 2 . 2 Damage Inflicted 11597 | 132 549 458 . . 1569 2046 3624 2056 633 . 530 Guns 6732 | 132 549 458 . . 1027 2046 2520 . . . . Cannons 2229 | . . . . . 542 . 1004 683 . . . Explosions 137 | . . . . . . . . 137 . . . Melee 2499 | . . . . . . . 100 1236 633 . 530 Ramming . | . . . . . . . . . . . . Kinetic 6301 | 132 549 458 . . 928 1096 3138 . . . . Thermal 2660 | . . . . . 641 950 386 683 . . . Explosive . | . . . . . . . . . . . . Electromagnetic 137 | . . . . . . . . 137 . . . Impact . | . . . . . . . . . . . . Slashing 2409 | . . . . . . . 100 1236 633 . 440 Piercing 90 | . . . . . . . . . . . 90 Highest Corruption 24 | . . . . . . 5 7 24 . 6 7 Average Corruption 7 | . . . . . . 2 6 13 . 5 4 Corruption Purged 9 | . . . . . . . . . . 2 7 Corruption Blocked . | . . . . . . . . . . . . Effects 176 | . . . . . . 14 96 58 . . 8 Message Errors 44 | . . . . . . 5 23 16 . . . Matter Fused 41 | . . . . . . 4 23 12 . . 2 Heat Flow Errors 20 | . . . . . . 3 12 5 . . . Energy Discharges 25 | . . . . . . 1 17 6 . . 1 Parts Rejected 3 | . . . . . . . 1 . . . 2 Parts Fused 2 | . . . . . . . . 1 . . 1 Data Loss (minor) 26 | . . . . . . . 14 10 . . 2 Data Loss (major) 4 | . . . . . . . 2 2 . . . Misfires 6 | . . . . . . . 3 3 . . . Alerts 3 | . . . . . . 1 . 2 . . . Weapon Failures 2 | . . . . . . . 1 1 . . . Overload Shots . | . . . . . . . . . . . . Overflow Damage 64 | . . . . . . . . 35 2 . 27 Projectiles 35 | . . . . . . . . 35 . . . Explosions . | . . . . . . . . . . . . Melee 29 | . . . . . . . . . 2 . 27 Knockbacks 11 | . . . . . 4 . 7 . . . . Impact . | . . . . . . . . . . . . Kinetic 11 | . . . . . 4 . 7 . . . . Secondary . | . . . . . . . . . . . . Self-Inflicted Damage 264 | . . . . . . . . 264 . . . Shots 5 | . . . . . . . . 5 . . . Rammed . | . . . . . . . . . . . . Targets Rammed . | . . . . . . . . . . . . Kicked . | . . . . . . . . . . . . Crushed . | . . . . . . . . . . . . Highest Temperature 352 | . 2 11 . . 243 232 309 352 . . . Average Temperature 72 | . 2 3 . . 71 68 69 99 . . . Received Heat Transfer 3126 | . 48 153 . . 414 249 1431 363 468 . . Siege Activations 1 | . . . . . . . . 1 . . . Total Turns 80 | . . . . . . . . 80 . . . Longest Duration 80 | . . . . . . . . 80 . . . Robots Corrupted . | . . . . . . . . . . . . Combat Hostiles . | . . . . . . . . . . . . Parts Fried 1 | . . . . . . . . 1 . . . Impact Corruptions . | . . . . . . . . . . . . Robots Melted 2 | . . . . . 1 . . 1 . . . Combat Hostiles 2 | . . . . . 1 . . 1 . . . Parts Melted 15 | . . . . . 5 7 1 2 . . . Heat Transferred 5869 | . . . . . 1628 2701 874 666 . . . Parts Sabotaged 4 | . . . . . . . . . 4 . . Parts Stolen . | . . . . . . . . . . . . Parts Stripped . | . . . . . . . . . . . . Power Chain Reactions 1 | . . . . . . . . 1 . . . Alert | -11 -10 -10 -10 -9 -8 -7 -7 -7 -6 -6 -6 ------- Run | Yrd Mat Min Exi Min Mat Fac Gar Fac Fac Was Fac Peak Influence 2293 | 25 172 143 . . 263 292 2293 1430 870 215 205 Initial 1203 | . 16 8 . . . 95 183 1203 665 185 150 Average 621 | 6 75 51 . . 124 160 1167 1315 722 197 171 Maximum Alert Level 5 | . . . . . 1 1 5 4 3 1 1 Low Security (%) 46 | 100 100 100 . 100 88 65 . . . 43 92 Level 1 8 | . . . . . 11 34 10 . . 56 7 Level 2 7 | . . . . . . . 16 . 53 . . Level 3 9 | . . . . . . . 24 . 46 . . Level 4 19 | . . . . . . . 17 100 . . . Level 5 9 | . . . . . . . 29 . . . . High Security . | . . . . . . . . . . . . Max Security . | . . . . . . . . . . . . Squads Dispatched 22 | . . . . . 3 7 . 9 1 . 2 Investigation 5 | . . . . . 1 1 . 1 . . 2 Extermination 6 | . . . . . . 3 . 3 . . . Reinforcement 2 | . . . . . . . . 2 . . . Assault 5 | . . . . . 1 . . 3 1 . . Garrison 4 | . . . . . 1 3 . . . . . Intercept . | . . . . . . . . . . . . Searches Triggered . | . . . . . . . . . . . . Construction Impeded 1 | . . . . . . . . 1 . . . Haulers Reinforced . | . . . . . . . . . . . . Active Scanning Responses . | . . . . . . . . . . . . Cargo Convoy Interrupts . | . . . . . . . . . . . . Stealth | -11 -10 -10 -10 -9 -8 -7 -7 -7 -6 -6 -6 --------- Run | Yrd Mat Min Exi Min Mat Fac Gar Fac Fac Was Fac Distress Signals 9 | . 3 . . . 4 1 . . . . 1 Communications Jammed . | . . . . . . . . . . . . Distress Signals . | . . . . . . . . . . . . Times Spotted 191 | . 14 9 . . 54 21 43 25 15 6 4 Peak Tracking Total 7 | . 4 3 . . 6 4 7 6 5 6 3 Tactical Retreats 13 | . 1 . . . 4 . 3 3 2 . . Traps | -11 -10 -10 -10 -9 -8 -7 -7 -7 -6 -6 -6 ------- Run | Yrd Mat Min Exi Min Mat Fac Gar Fac Fac Was Fac Traps Triggered 11 | . . . . . . . 8 1 1 . 1 Indirectly . | . . . . . . . . . . . . Trap Hack Attempts . | . . . . . . . . . . . . Triggered . | . . . . . . . . . . . . Disarmed . | . . . . . . . . . . . . Reprogrammed . | . . . . . . . . . . . . Reused . | . . . . . . . . . . . . Traps Extracted . | . . . . . . . . . . . . Installed . | . . . . . . . . . . . . Triggered . | . . . . . . . . . . . . Machines | -11 -10 -10 -10 -9 -8 -7 -7 -7 -6 -6 -6 ---------- Run | Yrd Mat Min Exi Min Mat Fac Gar Fac Fac Was Fac Machines Disabled 16 | . 1 . . . . 1 7 7 . . . Max in Single Turn 5 | . 1 . . . . 1 2 5 . . . Garrison Access 1 | . . . . . 1 . . . . . . Garrison Relay 4 | . . . . . . . 4 . . . . Phase Generator 1 | . . . . . . . 1 . . . . Machines Repaired . | . . . . . . . . . . . . Machines Dismantled . | . . . . . . . . . . . . Machines Sabotaged . | . . . . . . . . . . . . Overloaded Fab Kills . | . . . . . . . . . . . . Hacking | -11 -10 -10 -10 -9 -8 -7 -7 -7 -6 -6 -6 --------- Run | Yrd Mat Min Exi Min Mat Fac Gar Fac Fac Was Fac Machines Accessed 28 | . 6 1 1 . 5 5 4 2 1 . 3 Terminals 16 | . 5 . . . 3 1 4 1 . . 2 Fabricators 2 | . . . . . . 1 . 1 . . . Repair Stations 1 | . . . . . . 1 . . . . . Recycling Units 1 | . 1 . . . . . . . . . . Scanalyzers 3 | . . . . . 1 . . . 1 . 1 Garrison Access 3 | . . . . . 1 2 . . . . . Total Hacks 68 | . 12 1 1 . 14 9 8 3 4 . 16 Successful 29 | . 4 1 1 . 8 4 3 1 1 . 6 Failed 39 | . 8 . . . 6 5 5 2 3 . 10 Catastrophic 10 | . 1 . . . 1 1 2 1 2 . 2 Database Lockouts . | . . . . . . . . . . . . Manual 28 | . 11 . 1 . 3 2 . 2 . . 9 Terminals 40 | . 11 . . . 6 2 8 2 . . 11 Fabricators 2 | . . . . . . 1 . 1 . . . Repair Stations 2 | . . . . . . 2 . . . . . Recycling Units 1 | . 1 . . . . . . . . . . Scanalyzers 13 | . . . . . 4 . . . 4 . 5 Garrison Access 8 | . . . . . 4 4 . . . . . Terminal Hacks 8 | . . 1 1 . 1 . 3 . . . 2 Prototype ID Bank 1 | . . . . . 1 . . . . . . Open Door 2 | . . 1 . . . . 1 . . . . Emergency Access Points 1 | . . . . . . . 1 . . . . Terminal Index 1 | . . . . . . . . . . . 1 Unreport Threat 1 | . . . . . . . . . . . 1 Security Stations 1 | . . . . . . . 1 . . . . Derelict Proto ID Bank 1 | . . . 1 . . . . . . . . Fabricator Hacks 2 | . . . . . . 1 . 1 . . . Build 2 | . . . . . . 1 . 1 . . . Repair Station Hacks 2 | . . . . . . 2 . . . . . Scan Component 1 | . . . . . . 1 . . . . . Repair 1 | . . . . . . 1 . . . . . Recycling Unit Hacks 1 | . 1 . . . . . . . . . . Retrieve Components 1 | . 1 . . . . . . . . . . Scanalyzer 7 | . . . . . 4 . . . 1 . 2 Insert Component 4 | . . . . . 2 . . . 1 . 1 Analyze 3 | . . . . . 2 . . . . . 1 Garrison Access Hacks 1 | . . . . . . 1 . . . . . Unlock Access 1 | . . . . . . 1 . . . . . Unauthorized Hacks 8 | . 3 . . . 3 . . . . . 2 Terminals 8 | . 3 . . . 3 . . . . . 2 Botnet 8 | . 3 . . . 3 . . . . . 2 Fabricators . | . . . . . . . . . . . . Repair Stations . | . . . . . . . . . . . . Recycling Units . | . . . . . . . . . . . . Scanalyzers . | . . . . . . . . . . . . Garrison Access . | . . . . . . . . . . . . Data Cores Recovered . | . . . . . . . . . . . . Used . | . . . . . . . . . . . . Hacking Detections 18 | . 4 . . . 4 2 3 1 1 . 3 Full Trace Events 7 | . . . . . 1 1 2 1 . . 2 Feedback Events 1 | . . . . . . . . . . . 1 Corruption 1 | . . . . . . . . . . . 1 Feedback Blocked . | . . . . . . . . . . . . Robot Schematics Acquired . | . . . . . . . . . . . . Robots Built 3 | . . . . . . . . 3 . . . Authchips . | . . . . . . . . . . . . Time 67 | . . . . . . . . 67 . . . Total Robot Build Rating 12 | . . . . . . . . 12 . . . Part Schematics Acquired 3 | . . . . . 2 . . . . . 1 Parts Built 2 | . . . . . . 2 . . . . . Authchips . | . . . . . . . . . . . . Time 58 | . . . . . . 58 . . . . . Total Part Build Rating 14 | . . . . . . 14 . . . . . Parts Repaired 1 | . . . . . . 1 . . . . . Time 38 | . . . . . . 38 . . . . . Parts Recycled . | . . . . . . . . . . . . Recycled Matter . | . . . . . . . . . . . . Retrieved Matter . | . . . . . . . . . . . . Retrieved Components . | . . . . . . . . . . . . Parts Scanalyzed 4 | . . . . . 2 . . . 1 . 1 Part Schematics Acquired 3 | . . . . . 2 . . . . . 1 Parts Damaged 1 | . . . . . . . . . 1 . . Bothacking | -11 -10 -10 -10 -9 -8 -7 -7 -7 -6 -6 -6 ------------ Run | Yrd Mat Min Exi Min Mat Fac Gar Fac Fac Was Fac Used RIF Installer 1 | . . . . . . . 1 . . . . Robots Hacked . | . . . . . . . . . . . . Non-combat . | . . . . . . . . . . . . Combat . | . . . . . . . . . . . . Robot Hacks Applied . | . . . . . . . . . . . . Relay Couplers Released 18 | . . . . . 1 . 17 . . . . Machine Destruction 18 | . . . . . 1 . 17 . . . . Attached 1 | . . . . . . . 1 . . . . Fabnet Peak Effective % . | . . . . . . . . . . . . Robots Rewired . | . . . . . . . . . . . . Allies Hacked . | . . . . . . . . . . . . Hacks Repelled . | . . . . . . . . . . . . Allies | -11 -10 -10 -10 -9 -8 -7 -7 -7 -6 -6 -6 -------- Run | Yrd Mat Min Exi Min Mat Fac Gar Fac Fac Was Fac Total Allies 14 | . . 3 . . 6 1 1 3 . . . Largest Group 3 | . . 3 3 3 3 1 1 3 . . . Highest-Rated Group 90 | . . 40 40 40 40 32 20 90 . . . Highest-Rated Ally 32 | . . 16 16 16 16 32 20 30 . . . Total Orders 2 | . . . . . 2 . . . . . . RETURN 2 | . . . . . 2 . . . . . . Ally Attacks 129 | . . . . . 94 11 4 20 . . . Total Damage 1206 | . . . . . 560 49 66 531 . . . Kills 16 | . . . . . 9 . . 7 . . . Allies Corrupted . | . . . . . . . . . . . . Allies Melted . | . . . . . . . . . . . . Intel | -11 -10 -10 -10 -9 -8 -7 -7 -7 -6 -6 -6 ------- Run | Yrd Mat Min Exi Min Mat Fac Gar Fac Fac Was Fac Robot Analysis Total . | . . . . . . . . . . . . Derelict Logs Recovered 3 | . . 2 . 1 . . . . . . . Drone Launches 65 | . . . . . 54 11 . . . . . Drone Recoveries 62 | . . . . . 52 10 . . . . . Exploration | -11 -10 -10 -10 -9 -8 -7 -7 -7 -6 -6 -6 ------------- Run | Yrd Mat Min Exi Min Mat Fac Gar Fac Fac Was Fac Turns Passed 11791 | 142 817 1335 696 238 1759 1100 3418 1521 446 55 264 Spaces Moved 4984 | 61 309 434 218 75 605 475 1659 585 164 132 267 Core 6 | 1 . . . . . . . . 5 . . Treads 2774 | 60 309 434 218 75 605 155 195 585 138 . . Legs . | . . . . . . . . . . . . Wheels 1784 | . . . . . . 320 1464 . . . . Hover . | . . . . . . . . . . . . Flight 420 | . . . . . . . . . 21 132 267 Fastest Speed 34 | 50 160 240 320 320 235 115 115 166 35 34 34 Average Speed 193 | 158 215 283 320 320 242 156 163 216 193 34 64 Slowest Speed 560 | 160 240 320 320 320 320 236 560 255 240 35 195 Overloaded Moves . | . . . . . . . . . . . . Propulsion Burnouts . | . . . . . . . . . . . . Robots Hopped . | . . . . . . . . . . . . Cave-ins Triggered . | . . . . . . . . . . . . Exploration Rate (%) 41 | 4 60 77 61 23 47 15 98 12 4 83 8 Regions Visited 11 Branch Regions 3 Pre-discovered Areas . | . . . . . . . . . . . . Known Exits Taken 1 | . . . . . . 1 . . . . . Unknown Exits Taken 7 | 1 1 1 1 1 1 . . 1 . . . Scrap Searched 2 | . . 1 . 1 . . . . . . . Spaces Dug 11 | . . . . . . . 10 . . . 1 Terrain Destroyed 174 | . . . . . 10 3 85 75 . . 1 Melee 11 | . . . . . . . 10 . . . 1 Projectile 23 | . . . . . 10 2 . 11 . . . AOE 139 | . . . . . . . 75 64 . . . Terrain Rammed . | . . . . . . . . . . . . Walls Destroyed . | . . . . . . . . . . . . Machines Disabled . | . . . . . . . . . . . . Actions | -11 -10 -10 -10 -9 -8 -7 -7 -7 -6 -6 -6 --------- Run | Yrd Mat Min Exi Min Mat Fac Gar Fac Fac Was Fac Total 6186 | 81 374 483 218 75 750 695 2035 729 263 140 343 Wait 192 | . . 7 . . 2 96 15 6 40 . 26 Move 4973 | 60 308 433 217 74 604 474 1657 584 164 131 267 Hop . | . . . . . . . . . . . . Pick Up 161 | 3 18 2 1 1 26 17 56 20 9 3 5 Fast Attach 38 | 6 1 . . . 2 3 10 4 3 1 8 Attach 88 | . 1 1 . . 12 8 36 9 9 5 7 Detach 21 | . 1 . . . . 5 2 2 3 . 8 Swap 54 | 1 . 9 . . 9 1 19 11 4 . . Drop 87 | . 1 3 . . 17 16 18 15 10 . 7 Fire 418 | 11 44 28 . . 78 75 150 32 . . . Melee 124 | . . . . . . . 44 44 21 . 15 Ram . | . . . . . . . . . . . . Kick . | . . . . . . . . . . . . Crush . | . . . . . . . . . . . . Escape Stasis 30 | . . . . . . . 28 2 . . . Rewire . | . . . . . . . . . . . . Trap . | . . . . . . . . . . . . Miscellaneous . | . . . . . . . . . . . . Route ------- -11/Scrapyard -10/Materials (discovered 3 exits: [*Mat] / *Min x2) -10/Mines (discovered 3 exits: [*Mat x2] / *Exi) -10/Exiles -9/Mines -8/Materials (discovered 2 exits: *Fac x2) -7/Factory (discovered 2 exits: *Fac / Gar) -7/Garrison (discovered 3 exits: *Fac x3) -7/Factory -6/Factory -6/Waste -6/Factory History --------- Turn | Location | Event 46 | -11/Scrapyard | Discovered new exit (range 13) 143 | -11/Scrapyard | Entered Materials 324 | -10/Materials | Build established: Mutant 440 | -10/Materials | Discovered new exit (range 12) 559 | -10/Materials | Discovered new exit (range 15) 906 | -10/Materials | Discovered new exit (range 8) 960 | -10/Materials | Entered Mines 964 | -10/Mines | Met a Derelict bent on vengeance 1174 | -10/Mines | Learned Materials stockpile data 1543 | -10/Mines | Learned Materials terminal intel 1565 | -10/Mines | Discovered new exit (range 5) 1618 | -10/Mines | Found the Drone Emporium 1633 | -10/Mines | Found Prototype Device 1803 | -10/Mines | Discovered new exit (range 10) 2138 | -10/Mines | Assisted by bots powering up and referring to "LRC-V3" 2279 | -10/Mines | Deemed a non-threat by the Exiles lab entrance 2279 | -10/Mines | Discovered new exit (range 6) 2295 | -10/Mines | Entered Exiles 2295 | -10/Exiles | Accompanied by 3 allies 2372 | -10/Exiles | Met 8R-AWN 2427 | -10/Exiles | Met EX-HEX 2513 | -10/Exiles | Met EX-BIN 2561 | -10/Exiles | Aligned with FarCom system 2564 | -10/Exiles | Given EX-Vault access code 2641 | -10/Exiles | Opened EX-Vault 2683 | -10/Exiles | Found Cloak of Protection 2751 | -10/Exiles | Warned to stay clear of 0b10 Research branches 2771 | -10/Exiles | Exiles lab attacked by MAIN.C 2952 | -10/Exiles | Discovered new exit (range 14) 2991 | -10/Exiles | Left Exiles lab with Cloak of Protection 2991 | -10/Exiles | Entered Mines 2991 | -9/Mines | Accompanied by 3 allies 3060 | -9/Mines | Learned Materials emergency access door positions 3197 | -9/Mines | Discovered new exit (range 4) 3229 | -9/Mines | Entered Materials 3229 | -8/Materials | Accompanied by 3 allies 3229 | -8/Materials | Evolved 4 slots: Propulsion x2, Utility x2 3232 | -8/Materials | Loaded intel: 12 terminal locations 3232 | -8/Materials | Identified Splice Drone Bay 4124 | -8/Materials | Garrison activated, responded to threat 4230 | -8/Materials | Discovered new exit (range 16) 4264 | -8/Materials | Lost 3 parts (1n2u) 4564 | -8/Materials | Lost 3 allies 4741 | -8/Materials | Discovered new exit (range 10) 4988 | -8/Materials | Entered Factory 4988 | -7/Factory | Evolved 2 slots: Utility x2 5338 | -7/Factory | Garrison activated, responded to threat 5705 | -7/Factory | Repaired Imp. Propulsion Shielding 5778 | -7/Factory | Fabricated Dual-blade Saw (x2) 6027 | -7/Factory | Discovered new exit (range 6) 6087 | -7/Factory | Identified exit to Garrison 6088 | -7/Factory | Entered Garrison 6103 | -7/Garrison | Triggered checkpoint 6170 | -7/Garrison | Rescued a captive Derelict 6306 | -7/Garrison | Lost 7 parts (1p1n3u2w) 6333 | -7/Garrison | Core integrity fell below 50% 6374 | -7/Garrison | Triggered checkpoint 6375 | -7/Garrison | Lost 3 parts (1p1n1u) 6501 | -7/Garrison | Garrison Relay disabled 6678 | -7/Garrison | Discovered new exit (range 10) 6705 | -7/Garrison | Triggered checkpoint 6754 | -7/Garrison | Garrison Relay disabled 6764 | -7/Garrison | Lost 4 parts (1p1n2w) 6774 | -7/Garrison | Build established: Scavenger-Mutant 6874 | -7/Garrison | Installed Relay Interface Framework 6936 | -7/Garrison | Triggered checkpoint 7024 | -7/Garrison | Lost 6 parts (1n3u2w) 7660 | -7/Garrison | Lost 4 parts (1p3u) 7678 | -7/Garrison | Triggered checkpoint 7728 | -7/Garrison | Core integrity fell below 20% 7859 | -7/Garrison | Lost 4 parts (1n3u) 7965 | -7/Garrison | Garrison Relay disabled 7987 | -7/Garrison | Discovered new exit (range 8) 8119 | -7/Garrison | Garrison Relay disabled 8130 | -7/Garrison | Triggered checkpoint 8299 | -7/Garrison | Phase Generator disabled 8384 | -7/Garrison | Discovered new exit (range 15) 8673 | -7/Garrison | Learned Factory security intel 8899 | -7/Garrison | Spotted B-75 Beast 9506 | -7/Garrison | Entered Factory 9906 | -7/Factory | First assault squad dispatched 10009 | -7/Factory | Fabricated L-41 Fighter (x3) 10156 | -7/Factory | System corruption reached 10% 10562 | -7/Factory | Destroyed 7 combat bots 10567 | -7/Factory | Lost 5 parts (1p4u) 10667 | -7/Factory | Lost 3 parts (1u2w) 10828 | -7/Factory | Build established: Mutant 11011 | -7/Factory | Discovered new exit (range 9) 11027 | -7/Factory | Entered another Factory area 11027 | -6/Factory | Evolved 2 slots: Power x1, Propulsion x1 11164 | -6/Factory | Build established: Scavenger-Mutant 11377 | -6/Factory | First assault squad dispatched 11456 | -6/Factory | Core integrity fell below 50% 11473 | -6/Factory | Sucked down chute 11473 | -6/Factory | Entered Waste 11483 | -6/Waste | Lost 14 parts (2p8n2u2w) 11488 | -6/Waste | EMP discharged 11494 | -6/Waste | Spotted C-40 Crusher 11496 | -6/Waste | Spotted C-40 Crusher 11497 | -6/Waste | Spotted C-40 Crusher 11500 | -6/Waste | Spotted C-40 Crusher 11501 | -6/Waste | Spotted C-40 Crusher 11512 | -6/Waste | Spotted C-40 Crusher 11519 | -6/Waste | Discovered new exit (range 11) 11528 | -6/Waste | Entered Factory 11546 | -6/Factory | Core integrity fell below 20% 11742 | -6/Factory | Build established: Mutant 11792 | -6/Factory | Destroyed by H-66 Slayer with Gauss Rifle Last Messages --------------- rejected. 11749_ Acquired Cesium-ion Thruster. 11751_ Acquired 12 matter. 11762_ Acquired Lgt. Angular Momentum Engine. 11768_ Connecting with Terminal... >>Trojan(Botnet) Trojan loaded successfully. Testing... Terminal linked with 1 system. Awaiting botnet instructions. >>Alert(Purge) Purged threat record, alert level lowered. 11780_ System Restoration Module purges 1% system corruption (1%). 11780_ System Restoration Module expended. 11782_ W-25 Informer sends out distress signal. 11784_ K-01 Serf cleans the Subcomponent Replicator. 11788_ Slug penetrates Subcomponent Replicator. 11792_ Slug penetrates Wall. Map ----- +----------------------------------------------------+ | ?????????????????????????????????????????????????? | | ?????????????????????????????????????????????????? | | ?????????????????????????????????????????????????? | | ?????????????????????????????????????????????????? | | ?????????????????????????????????????????????????? | | ?????????????????????????????????????????????????? | | ?????????????????????????????????????????????????? | | ?????????????????????????????????????????????????? | | ?????????????????????????????????????????????????? | | ??????????????????????? ?????????????????????? | | ????????????????????? #???????????????????# | | ??????????????????o?? #???????????????????# | | ????????????????????? #??????????????????## | | ????????????????????? #??????????????????# | | ?????????????? ??????? #??????????????????# | | ?????????????? !!??w #??????????????????# | | ??????????????? !!!??"" #??????????????????# | | ??????????????? !!! """ #??????????????????# | | ??????????????? """ #??????????????????# | | ????????????????! "" #########+########## | | ????????????????? "" | | ?????????????????? k | | ?????????????????"" """ | | ????????????????""" """ h | | ????????????????""" """ | | ?????????????# "" "" @############+### | | ?????????????# "" "" w#?# " | | ?????????????# #?# ""# """ | | ?????????????# ### T"# """ | | ?????????????# + """" ""# """ | | ?????????????# ### """" # | | ?????????????# = #?# """" ! # | | ?????????????# ########?# """" ######## | | ?????????????# ?????????# """" #??????# | | ?????????????# ??????????# """" #??????# | | ?????????????# ???????????# #??????# | | ?????????????+ ????????????# #??????# | | ????????????????????????????# #??????# | | ????????????????????????????##############??????# | | ????????????????????????????????????????????????## | | ?????????????????????????????????????????????????? | | ?????????????????????????????????????????????????? | | ?????????????????????????????????????????????????? | | ????????????????????????????????????????????????## | | ????????????????????????????????????????? | | ?????????????????????????????????????????! | | ????????????????????????????????????????? | | ?????????????????????????????????????????? | | ?????????????????????????????????????????? ? | | ??????????????????????????????????????????? ??? | +----------------------------------------------------+ Best States ------------- Heat Dissipation 78 Energy Generation 34 Energy Capacity 490 Matter Stores 300 Matter Capacity 300 Sight Range 16 Terrain Scan Density 10 Cloak Strength 5 Power Amplification 60 Additional Mass Support 12 Armor Coverage 750 Core Shielding 20 Propulsion Shielding 66 Melee Speed Boost 30 Phase Shifting 10 Evasion (%) 73 Melee Accuracy 6 Recoil Reduction 5 Particle Charging 25 Salvage Targeting 2 Offensive Hacking 10 Defensive Hacking 14 Relay Coupler Types 1 Relay Coupler Value 26 Item Schematics ----------------- Hvy. Armor Plating | -8/Materials | Scanalyzed Imp. Propulsion Shielding | -8/Materials | Scanalyzed Nanoactuators | -6/Factory | Scanalyzed Robot Schematics ------------------ None Fabricated ------------ Dual-blade Saw | x2 | -7/Factory | Preloaded L-41 Fighter | x3 | -7/Factory | Preloaded Alien Tech Used ----------------- None Achievements -------------- None Challenges ------------ None Game ------ Seed MediumCouplerCoupler Manual? 0 Play Time 01:40:44 Cumulative 139.9 hours Start 2024.04.30 @ 15:10:08 End 2024.04.30 @ 21:14:08 Sessions 1 Manual Loads 0 Difficulty Rogue Special Mode None Game No. 159 Rogue 159 Adventurer 0 Explorer 0 Win Type - Total 0 Types 0/0/0/0/0/0/0/0/0 Lore% 30 Gallery% 58 Achievement% 41 Wizard Run 0 Options --------- Layout 1 ASCII 0 Keyboard 1 Movement Vi Keybinds 0 Fullscreen 1 Font 24/Smallcaps Map View 50x35 Zoom Use 0% Tactical HUD 1 Map Filters NONE Filters NONE Steam 1 RUN: 04e0226e-2552-41d2-bbd4-7bd14d151798